cohdb
Replays
Latest Replays
All Replays
Popular Replays
Top Player Replays
Match Explorer
How It Works
Community
CoH3 Stats
Reddit
Sign in to upload your games and track your stats! →
Sign in with Steam
Match 41993771
Unlisted
Match 41993771
Overview
Messages
Build Orders
End
Vickers Machine Gun Team
Construct Section Command Post
Dingo Light Scout Car
Infantry Section
Infantry Section
Construct Platoon Command Post
Humber Armored Car
6-pounder Anti-tank Gun Team
Construct Company Command Post
Foot Guards Section
Crusader II Medium Tank
Selects Indian Artillery Battlegroup
Selects Artillery Saturation
Selects War Cry
Selects Off-map Airburst Barrage
Selects BL5.5 Artillery Emplacement
Infantry Training
Selects Gurkha Rifles Section
Crusader II Medium Tank
Off-map Airburst Barrage
HulkSMASH
WaterBoy
John Flare
Jork Sparra
JIN_47
CoNnEcT FoUr!!!
WastedMetalProductions
Shorinji
0
0
Comments
sign in to comment!
No comments posted yet!